[ AOE2 MATCH · #484401422 ]
UnrankedMalay vs Persians
[ REPLAY ANALYSIS · EXTRACTED FROM THE RECORDED GAME ]
Feudal
8:08
Castle
14:47
Imperial
23:15
| APM avg | 55.8 |
| APM peak | 100 |
| eAPM avg | 36.5 |
| Villagers / military | 194 / 236 |
Focus
⚔️ 43.1% · 🌾 56.9%
Spearman ×133 · Archer ×93 · Bombard Cannon ×10
Feudal
10:56
Castle
14:30
Imperial
—
| APM avg | 17.4 |
| APM peak | 45 |
| eAPM avg | 12.0 |
| Villagers / military | 129 / 0 |
Focus
⚔️ 17.6% · 🌾 82.4%
Feudal
11:46
Castle
15:23
Imperial
27:08
| APM avg | 56.8 |
| APM peak | 147 |
| eAPM avg | 34.9 |
| Villagers / military | 218 / 78 |
Focus
⚔️ 45.0% · 🌾 55.0%
Archer ×74 · Mangonel ×4 · Unknown (1942) ×4 · Unknown (1959) ×3
Feudal
10:56
Castle
14:28
Imperial
35:27
| APM avg | 51.3 |
| APM peak | 108 |
| eAPM avg | 26.1 |
| Villagers / military | 151 / 46 |
Focus
⚔️ 32.8% · 🌾 67.2%
Shotel Warrior ×19 · Skirmisher ×15 · Bombard Cannon ×7 · Battering Ram ×3 · Mangonel ×1 · Scorpion ×1
Feudal
11:52
Castle
15:27
Imperial
28:20
| APM avg | 50.8 |
| APM peak | 97 |
| eAPM avg | 25.5 |
| Villagers / military | 212 / 129 |
Focus
⚔️ 32.8% · 🌾 67.2%
Battle Elephant ×117 · Trebuchet (Packed) ×5 · Scout Cavalry ×4 · Monk ×3
Feudal
10:31
Castle
13:51
Imperial
25:51
| APM avg | 45.5 |
| APM peak | 102 |
| eAPM avg | 22.7 |
| Villagers / military | 202 / 131 |
Focus
⚔️ 33.2% · 🌾 66.8%
Cavalry Archer ×80 · Skirmisher ×48 · Bombard Cannon ×2 · Archer ×1
Feudal
10:06
Castle
13:41
Imperial
33:19
| APM avg | 49.7 |
| APM peak | 84 |
| eAPM avg | 28.8 |
| Villagers / military | 164 / 181 |
Focus
⚔️ 34.9% · 🌾 65.1%
Knight ×80 · Cavalry Archer ×71 · Scout Cavalry ×15 · Mangonel ×14 · Bombard Cannon ×1
Feudal
11:59
Castle
15:30
Imperial
28:24
| APM avg | 46.1 |
| APM peak | 88 |
| eAPM avg | 32.1 |
| Villagers / military | 200 / 197 |
Focus
⚔️ 42.1% · 🌾 57.9%
Militia ×163 · Battering Ram ×28 · Monk ×3 · Trebuchet (Packed) ×3
Match map
Initial resources + every placement click. Lines = walls · curves = elevation contours. ◆ gold · ⬟ stone · ● berries · ✦ relic · ◌ wall gap
Your base· ✓ Closed at 14:47 · 0t walls · 2 gate(s)
MLT | El Campeador di Melito's base· ✓ Closed at 14:30 · 0t walls · 2 gate(s)
JB's base· ✓ Closed at 15:23 · 0t walls · 3 gate(s)
MiMitraglietta's base· ✓ Closed at 14:28 · 0t walls · 3 gate(s)
Sessagesimale's base· ✓ Closed at 15:27 · 0t walls · 2 gate(s)
Mandrake Data Engineer Analyst's base· ✓ Closed at 13:51 · 0t walls · 3 gate(s)
MLT | Anna Flank's base· ✓ Closed at 13:41 · 0t walls · 3 gate(s)
Monesi28's base· ✓ Closed at 15:30 · 0t walls · 2 gate(s)
Smoothed initial terrain · ◌ = detected wall gap · hover for details
Inputs per minute
— MrDJM - - MLT | El Campeador di Melito
Build order — MrDJM
First 150 of 633 actions detected
| 0:00 | Create | Villager (Male) |
| 0:00 | Create | Villager (Male) |
| 0:01 | Create | Villager (Male) |
| 0:01 | Create | Villager (Male) |
| 0:02 | Build | House |
| 0:03 | Build | House |
| 1:25 | Create | Villager (Male) |
| 1:25 | Create | Villager (Male) |
| 1:46 | Build | Lumber Camp |
| 2:01 | Create | Villager (Male) |
| 2:01 | Create | Villager (Male) |
| 2:13 | Create | Villager (Male) |
| 2:13 | Create | Villager (Male) |
| 2:24 | Create | Villager (Male) |
| 2:24 | Create | Villager (Male) |
| 2:52 | Create | Villager (Male) |
| 2:52 | Create | Villager (Male) |
| 3:18 | Create | Villager (Male) |
| 3:18 | Create | Villager (Male) |
| 3:49 | Build | House |
| 4:04 | Create | Villager (Male) |
| 4:04 | Create | Villager (Male) |
| 4:22 | Build | Mill |
| 4:29 | Create | Villager (Male) |
| 4:29 | Create | Villager (Male) |
| 4:57 | Create | Villager (Male) |
| 4:57 | Create | Villager (Male) |
| 5:44 | Create | Villager (Male) |
| 6:13 | Create | Villager (Male) |
| 6:18 | Build | House |
| 6:20 | Build | House |
| 6:40 | Create | Villager (Male) |
| 6:50 | Research | Feudal Age |
| 7:28 | Create | Villager (Male) |
| 7:28 | Create | Villager (Male) |
| 7:49 | Build | House |
| 7:51 | Build | House |
| 8:08 | Age | Feudal Age |
| 8:10 | Research | Double-Bit Axe |
| 8:10 | Research | Horse Collar |
| 8:10 | Research | Double-Bit Axe |
| 8:10 | Research | Horse Collar |
| 8:13 | Research | Horse Collar |
| 8:18 | Build | Farm |
| 8:21 | Build | Farm |
| 8:29 | Build | Farm |
| 8:41 | Create | Villager (Male) |
| 8:52 | Build | Farm |
| 9:09 | Create | Villager (Male) |
| 9:09 | Create | Villager (Male) |
| 9:13 | Build | Farm |
| 9:34 | Build | House |
| 9:41 | Build | Farm |
| 10:05 | Build | Mining Camp |
| 10:09 | Build | House |
| 10:11 | Create | Villager (Male) |
| 10:11 | Create | Villager (Male) |
| 10:54 | Create | Villager (Male) |
| 10:55 | Create | Villager (Male) |
| 10:58 | Build | Blacksmith |
| 11:37 | Create | Villager (Male) |
| 11:52 | Build | Market |
| 12:16 | Create | Villager (Male) |
| 12:45 | Create | Villager (Male) |
| 12:53 | Build | Farm |
| 13:11 | Research | Castle Age |
| 13:55 | Create | Villager (Male) |
| 14:47 | Age | Castle Age |
| 14:51 | Build | Town Center |
| 14:53 | Build | Town Center |
| 14:55 | Research | Bow Saw |
| 14:55 | Research | Heavy Plow |
| 14:56 | Create | Villager (Male) |
| 14:56 | Create | Villager (Male) |
| 15:00 | Build | Farm |
| 15:07 | Build | Farm |
| 15:18 | Build | Farm |
| 15:33 | Build | Farm |
| 15:47 | Build | Farm |
| 15:59 | Create | Villager (Male) |
| 15:59 | Create | Villager (Male) |
| 16:03 | Build | Farm |
| 16:05 | Create | Villager (Male) |
| 16:05 | Create | Villager (Male) |
| 16:07 | Build | Farm |
| 16:11 | Create | Villager (Male) |
| 16:11 | Create | Villager (Male) |
| 16:16 | Create | Villager (Male) |
| 16:17 | Create | Villager (Male) |
| 16:18 | Build | Farm |
| 16:25 | Research | Wheelbarrow |
| 16:30 | Create | Villager (Male) |
| 16:30 | Create | Villager (Male) |
| 16:36 | Build | Farm |
| 16:42 | Build | Farm |
| 16:52 | Build | Farm |
| 16:53 | Create | Villager (Male) |
| 16:53 | Create | Villager (Male) |
| 16:56 | Build | Farm |
| 17:08 | Build | Farm |
| 17:09 | Create | Villager (Male) |
| 17:09 | Create | Villager (Male) |
| 17:19 | Build | House |
| 17:23 | Create | Villager (Male) |
| 17:23 | Create | Villager (Male) |
| 17:27 | Build | Farm |
| 17:34 | Build | House |
| 17:37 | Create | Villager (Male) |
| 17:37 | Create | Villager (Male) |
| 17:44 | Build | Farm |
| 17:49 | Build | Farm |
| 17:53 | Create | Villager (Male) |
| 17:53 | Create | Villager (Male) |
| 17:57 | Build | Farm |
| 18:07 | Build | Farm |
| 18:08 | Create | Villager (Male) |
| 18:08 | Create | Villager (Male) |
| 18:17 | Build | Farm |
| 18:19 | Create | Villager (Male) |
| 18:19 | Create | Villager (Male) |
| 18:24 | Build | House |
| 18:27 | Build | House |
| 18:31 | Build | Farm |
| 18:36 | Build | Farm |
| 18:39 | Create | Villager (Male) |
| 18:39 | Create | Villager (Male) |
| 18:48 | Build | Farm |
| 19:01 | Build | Farm |
| 19:04 | Build | Farm |
| 19:05 | Create | Villager (Male) |
| 19:05 | Create | Villager (Male) |
| 19:09 | Build | House |
| 19:10 | Create | Villager (Male) |
| 19:10 | Create | Villager (Male) |
| 19:19 | Build | House |
| 19:21 | Create | Villager (Male) |
| 19:21 | Create | Villager (Male) |
| 19:37 | Build | University |
| 19:38 | Create | Villager (Male) |
| 19:38 | Create | Villager (Male) |
| 19:42 | Build | Farm |
| 19:49 | Build | House |
| 19:52 | Create | Villager (Male) |
| 19:52 | Create | Villager (Male) |
| 20:16 | Build | Farm |
| 20:29 | Build | Siege Workshop |
| 20:30 | Create | Villager (Male) |
| 20:30 | Create | Villager (Male) |
| 20:40 | Build | House |
| 20:42 | Create | Villager (Male) |
Build order — MLT | El Campeador di Melito
First 150 of 210 actions detected
| 0:00 | Create | Villager (Male) ×4 |
| 0:02 | Build | House |
| 0:03 | Build | House |
| 1:31 | Create | Villager (Male) |
| 1:46 | Create | Villager (Male) |
| 1:53 | Build | Lumber Camp |
| 2:23 | Create | Villager (Male) |
| 2:43 | Create | Villager (Male) |
| 3:11 | Create | Villager (Male) |
| 3:26 | Build | House |
| 3:27 | Build | House |
| 3:27 | Build | House |
| 3:41 | Create | Villager (Male) |
| 4:06 | Create | Villager (Male) |
| 4:07 | Create | Villager (Male) |
| 4:38 | Create | Villager (Male) |
| 4:51 | Create | Villager (Male) |
| 5:16 | Build | Mill |
| 5:21 | Create | Villager (Male) |
| 5:50 | Create | Villager (Male) |
| 6:39 | Create | Villager (Male) |
| 6:47 | Create | Villager (Male) |
| 7:11 | Build | Farm |
| 7:13 | Build | Farm |
| 7:17 | Build | Farm |
| 7:29 | Create | Villager (Male) |
| 7:48 | Create | Villager (Male) |
| 8:08 | Create | Villager (Male) |
| 8:08 | Research | Feudal Age |
| 8:25 | Build | Mining Camp |
| 9:52 | Create | Villager (Male) |
| 9:52 | Create | Villager (Male) |
| 10:56 | Age | Feudal Age |
| 10:59 | Build | Market |
| 11:02 | Build | Mining Camp |
| 11:09 | Build | Blacksmith |
| 11:23 | Research | Double-Bit Axe |
| 11:50 | Research | Castle Age |
| 11:50 | Research | Castle Age |
| 11:50 | Research | Castle Age |
| 11:50 | Research | Castle Age |
| 11:50 | Research | Castle Age |
| 11:56 | Build | House |
| 11:56 | Build | House |
| 11:57 | Build | House |
| 12:10 | Research | Horse Collar |
| 12:16 | Build | Farm |
| 12:28 | Build | Farm |
| 12:33 | Build | Farm |
| 12:39 | Create | Villager (Male) |
| 14:04 | Create | Villager (Male) |
| 14:30 | Age | Castle Age |
| 14:33 | Build | Town Center |
| 14:42 | Build | Town Center |
| 15:07 | Research | Bow Saw |
| 15:08 | Research | Bow Saw |
| 15:10 | Create | Villager (Male) |
| 15:27 | Create | Villager (Male) |
| 15:33 | Research | Wheelbarrow |
| 15:40 | Create | Villager (Male) |
| 15:45 | Build | Farm |
| 15:47 | Create | Villager (Male) |
| 15:59 | Create | Villager (Male) |
| 16:08 | Create | Villager (Male) ×3 |
| 16:10 | Build | Farm |
| 16:26 | Create | Villager (Male) |
| 16:28 | Build | Farm |
| 16:41 | Create | Villager (Male) ×3 |
| 16:52 | Build | Farm |
| 16:56 | Build | Farm |
| 17:04 | Build | Farm |
| 17:17 | Build | Farm |
| 17:27 | Build | Farm |
| 17:28 | Create | Villager (Male) |
| 17:28 | Create | Villager (Male) |
| 17:39 | Build | Farm |
| 17:48 | Build | Farm |
| 17:50 | Create | Villager (Male) ×3 |
| 17:52 | Build | Farm |
| 17:56 | Build | Farm |
| 18:05 | Build | Farm |
| 18:15 | Build | Farm |
| 18:17 | Create | Villager (Male) |
| 18:21 | Build | Farm |
| 18:22 | Create | Villager (Male) |
| 18:26 | Build | Farm |
| 18:30 | Build | Farm |
| 18:44 | Create | Villager (Male) ×4 |
| 18:47 | Build | Farm |
| 18:50 | Build | Farm |
| 18:55 | Build | House |
| 18:56 | Build | House |
| 19:02 | Build | Farm |
| 19:08 | Create | Villager (Male) |
| 19:13 | Build | Farm |
| 19:20 | Build | Farm |
| 19:23 | Create | Villager (Male) |
| 19:24 | Create | Villager (Male) |
| 19:24 | Create | Villager (Male) |
| 19:29 | Research | Gold Mining |
| 19:39 | Build | House |
| 19:44 | Research | Loom |
| 19:54 | Build | Stone Wall |
| 20:00 | Build | Stone Wall |
| 20:14 | Build | Stone Wall |
| 20:47 | Build | House |
| 20:49 | Build | House |
| 20:55 | Build | House |
| 21:03 | Create | Villager (Male) |
| 21:19 | Create | Villager (Male) ×5 |
| 22:47 | Build | Town Center |
| 23:27 | Research | Hand Cart |
| 24:06 | Create | Villager (Male) |
| 24:06 | Create | Villager (Male) |
| 24:45 | Create | Villager (Male) |
| 24:45 | Create | Villager (Male) |
| 24:45 | Create | Villager (Male) |
| 25:06 | Create | Villager (Male) |
| 25:06 | Create | Villager (Male) |
| 25:23 | Create | Villager (Male) |
| 26:00 | Create | Villager (Male) |
| 26:07 | Create | Villager (Male) |
| 26:11 | Build | Farm |
| 26:13 | Build | Farm |
| 26:16 | Build | Farm |
| 26:19 | Build | Farm |
| 26:22 | Build | Farm |
| 26:24 | Build | Farm |
| 26:28 | Build | Farm |
| 26:33 | Create | Villager (Male) |
| 26:42 | Build | Lumber Camp |
| 27:24 | Create | Villager (Male) |
| 27:35 | Create | Villager (Male) |
| 28:17 | Create | Villager (Male) |
| 28:17 | Create | Villager (Male) |
| 28:20 | Create | Villager (Male) |
| 28:46 | Create | Villager (Male) |
| 28:46 | Create | Villager (Male) |
| 28:56 | Build | Farm |
| 28:57 | Build | Farm |
| 28:58 | Build | Farm |
| 28:59 | Build | Farm |
| 29:22 | Research | Town Watch |
| 29:35 | Create | Villager (Male) |
| 29:47 | Build | Town Center |
| 30:03 | Create | Villager (Male) |
| 30:03 | Create | Villager (Male) |
| 30:21 | Create | Villager (Male) |
| 30:21 | Create | Villager (Male) |
| 30:36 | Create | Villager (Male) |
Build order — JB
First 150 of 463 actions detected
| 0:01 | Create | Villager (Male) |
| 0:01 | Create | Villager (Male) |
| 0:02 | Build | House |
| 0:03 | Build | House |
| 0:10 | Create | Villager (Male) |
| 0:10 | Create | Villager (Male) |
| 1:15 | Create | Villager (Male) |
| 1:41 | Create | Villager (Male) |
| 1:52 | Build | Lumber Camp |
| 2:05 | Create | Villager (Male) |
| 2:27 | Create | Villager (Male) |
| 2:47 | Create | Villager (Male) |
| 2:47 | Create | Villager (Male) |
| 3:17 | Create | Villager (Male) |
| 3:17 | Create | Villager (Male) |
| 3:50 | Create | Villager (Male) |
| 4:01 | Build | House |
| 4:12 | Create | Villager (Male) |
| 4:12 | Create | Villager (Male) |
| 4:34 | Create | Villager (Male) |
| 4:34 | Create | Villager (Male) |
| 4:52 | Create | Villager (Male) |
| 4:53 | Create | Villager (Male) |
| 5:07 | Build | Mill |
| 5:28 | Create | Villager (Male) |
| 5:35 | Build | House |
| 5:41 | Create | Villager (Male) |
| 5:44 | Create | Villager (Male) |
| 5:51 | Create | Villager (Male) |
| 6:13 | Create | Villager (Male) |
| 6:16 | Build | Farm |
| 6:43 | Build | Farm |
| 6:51 | Create | Villager (Male) |
| 6:55 | Build | Farm |
| 7:25 | Create | Villager (Male) |
| 7:35 | Build | House |
| 8:06 | Build | Lumber Camp |
| 9:12 | Build | Farm |
| 9:14 | Build | Mining Camp |
| 9:16 | Research | Feudal Age |
| 9:16 | Research | Feudal Age |
| 10:05 | Build | House |
| 11:17 | Create | Villager (Male) |
| 11:46 | Age | Feudal Age |
| 11:54 | Build | Market |
| 11:56 | Build | Blacksmith |
| 11:57 | Create | Villager (Male) |
| 12:07 | Research | Double-Bit Axe |
| 12:08 | Research | Horse Collar |
| 12:43 | Research | Castle Age |
| 12:57 | Build | Farm |
| 13:34 | Build | Farm |
| 14:07 | Research | Gold Mining |
| 15:11 | Create | Villager (Male) |
| 15:23 | Age | Castle Age |
| 15:29 | Build | Town Center |
| 15:29 | Create | Villager (Male) |
| 15:30 | Build | Farm |
| 15:33 | Create | Villager (Male) |
| 15:34 | Build | Town Center |
| 15:35 | Research | Bow Saw |
| 15:35 | Research | Heavy Plow |
| 15:36 | Research | Heavy Plow |
| 15:37 | Create | Villager (Male) |
| 15:51 | Build | Farm |
| 16:06 | Create | Villager (Male) |
| 16:16 | Build | Farm |
| 16:21 | Create | Villager (Male) |
| 16:23 | Build | Farm |
| 16:26 | Build | Farm |
| 16:34 | Build | House |
| 16:35 | Create | Villager (Male) |
| 16:39 | Create | Villager (Male) |
| 16:48 | Create | Villager (Male) |
| 16:53 | Create | Villager (Male) |
| 16:54 | Create | Villager (Male) |
| 16:54 | Build | Farm |
| 16:59 | Create | Villager (Male) |
| 17:00 | Create | Villager (Male) |
| 17:06 | Build | Farm |
| 17:11 | Build | Farm |
| 17:15 | Create | Villager (Male) |
| 17:22 | Build | Farm |
| 17:25 | Create | Villager (Male) |
| 17:30 | Build | Farm |
| 17:33 | Build | House |
| 17:41 | Build | Farm |
| 17:41 | Create | Villager (Male) |
| 17:49 | Build | Farm |
| 17:53 | Create | Villager (Male) |
| 17:53 | Create | Villager (Male) |
| 18:04 | Build | House |
| 18:04 | Build | House |
| 18:05 | Create | Villager (Male) |
| 18:06 | Create | Villager (Male) |
| 18:12 | Build | Farm |
| 18:16 | Create | Villager (Male) |
| 18:16 | Create | Villager (Male) |
| 18:19 | Build | Farm |
| 18:23 | Create | Villager (Male) |
| 18:24 | Create | Villager (Male) |
| 18:30 | Build | Farm |
| 18:31 | Create | Villager (Male) |
| 18:39 | Create | Villager (Male) |
| 18:39 | Create | Villager (Male) |
| 18:41 | Build | Farm |
| 18:48 | Create | Villager (Male) |
| 18:53 | Build | Farm |
| 18:56 | Create | Villager (Male) |
| 18:56 | Create | Villager (Male) |
| 19:00 | Build | House |
| 19:01 | Build | House |
| 19:10 | Build | Farm |
| 19:10 | Create | Villager (Male) |
| 19:10 | Create | Villager (Male) |
| 19:13 | Create | Villager (Male) |
| 19:13 | Create | Villager (Male) |
| 19:18 | Create | Villager (Male) |
| 19:19 | Build | Farm |
| 19:24 | Create | Villager (Male) |
| 19:30 | Build | Farm |
| 19:31 | Create | Villager (Male) |
| 19:31 | Create | Villager (Male) |
| 19:50 | Create | Villager (Male) |
| 19:50 | Create | Villager (Male) |
| 19:53 | Build | Farm |
| 20:20 | Create | Villager (Male) |
| 20:22 | Create | Villager (Male) |
| 20:23 | Create | Villager (Male) |
| 20:25 | Build | Siege Workshop |
| 20:25 | Create | Villager (Male) |
| 20:26 | Create | Villager (Male) |
| 20:26 | Create | Villager (Male) |
| 20:28 | Create | Villager (Male) |
| 20:29 | Build | House |
| 20:29 | Build | House |
| 20:31 | Create | Villager (Male) |
| 20:31 | Create | Villager (Male) |
| 20:41 | Create | Villager (Male) |
| 20:48 | Create | Villager (Male) |
| 20:58 | Create | Mangonel |
| 20:59 | Create | Villager (Male) |
| 21:01 | Create | Villager (Male) |
| 21:05 | Build | Farm |
| 21:05 | Create | Villager (Male) |
| 21:16 | Create | Villager (Male) |
| 21:18 | Build | Farm |
| 21:19 | Create | Villager (Male) |
| 21:21 | Build | Farm |
| 21:22 | Create | Villager (Male) |
Build order — MiMitraglietta
First 150 of 358 actions detected
| 0:01 | Create | Villager (Male) |
| 0:01 | Create | Villager (Male) |
| 0:01 | Create | Villager (Male) |
| 0:02 | Build | House |
| 0:03 | Build | House |
| 0:09 | Create | Villager (Male) |
| 0:09 | Create | Villager (Male) |
| 1:29 | Create | Villager (Male) |
| 1:30 | Create | Villager (Male) |
| 1:55 | Build | Lumber Camp |
| 1:58 | Create | Villager (Male) |
| 1:58 | Create | Villager (Male) |
| 2:14 | Create | Villager (Male) |
| 2:14 | Create | Villager (Male) |
| 2:50 | Create | Villager (Male) |
| 3:18 | Create | Villager (Male) |
| 3:23 | Create | Villager (Male) |
| 3:49 | Build | House |
| 3:50 | Build | House |
| 4:03 | Create | Villager (Male) |
| 4:03 | Create | Villager (Male) |
| 4:28 | Create | Villager (Male) |
| 4:29 | Create | Villager (Male) |
| 5:12 | Create | Villager (Male) |
| 5:12 | Create | Villager (Male) |
| 5:30 | Build | Mill |
| 5:37 | Create | Villager (Male) |
| 5:37 | Create | Villager (Male) |
| 6:12 | Create | Villager (Male) |
| 6:33 | Create | Villager (Male) |
| 7:23 | Create | Villager (Male) |
| 7:33 | Build | Farm |
| 7:38 | Build | Farm |
| 7:40 | Create | Villager (Male) |
| 8:00 | Build | Mining Camp |
| 8:07 | Build | Farm |
| 8:11 | Create | Villager (Male) |
| 8:31 | Research | Feudal Age |
| 9:54 | Create | Villager (Male) |
| 9:55 | Create | Villager (Male) |
| 9:57 | Build | House |
| 10:56 | Age | Feudal Age |
| 10:58 | Build | Market |
| 11:00 | Build | Blacksmith |
| 11:24 | Build | Mining Camp |
| 11:28 | Research | Double-Bit Axe |
| 11:48 | Research | Castle Age |
| 12:16 | Research | Horse Collar |
| 12:58 | Build | Farm |
| 13:00 | Build | Farm |
| 13:25 | Build | House |
| 13:52 | Create | Villager (Male) |
| 14:28 | Age | Castle Age |
| 14:34 | Build | Castle |
| 14:41 | Build | Siege Workshop |
| 14:45 | Build | Farm |
| 14:45 | Create | Villager (Male) |
| 14:49 | Build | Farm |
| 15:03 | Create | Villager (Male) |
| 15:17 | Create | Battering Ram |
| 15:21 | Create | Villager (Male) |
| 15:45 | Create | Villager (Male) |
| 15:48 | Create | Battering Ram |
| 16:02 | Build | House |
| 16:09 | Create | Shotel Warrior |
| 16:09 | Create | Shotel Warrior |
| 16:09 | Create | Shotel Warrior |
| 16:10 | Create | Shotel Warrior |
| 16:11 | Create | Villager (Male) |
| 16:33 | Create | Battering Ram |
| 16:35 | Create | Shotel Warrior |
| 16:35 | Create | Shotel Warrior |
| 16:36 | Create | Villager (Male) |
| 16:56 | Build | Farm |
| 16:59 | Build | Farm |
| 17:00 | Create | Shotel Warrior |
| 17:01 | Create | Shotel Warrior |
| 17:19 | Create | Shotel Warrior |
| 17:20 | Create | Shotel Warrior |
| 17:35 | Build | Farm |
| 17:38 | Create | Shotel Warrior |
| 17:43 | Create | Scorpion |
| 17:50 | Create | Villager (Male) |
| 18:19 | Create | Shotel Warrior |
| 18:42 | Create | Shotel Warrior |
| 18:45 | Create | Villager (Male) |
| 19:08 | Research | Loom |
| 19:10 | Create | Shotel Warrior |
| 19:21 | Create | Shotel Warrior |
| 19:37 | Research | Scale Mail Armor |
| 19:43 | Create | Villager (Male) |
| 20:02 | Build | Farm |
| 20:04 | Build | Farm |
| 20:29 | Create | Shotel Warrior |
| 20:29 | Create | Shotel Warrior |
| 20:47 | Create | Villager (Male) |
| 20:47 | Create | Villager (Male) |
| 20:54 | Build | Town Center |
| 21:23 | Create | Mangonel |
| 21:25 | Create | Villager (Male) |
| 21:38 | Create | Villager (Male) |
| 22:08 | Build | House |
| 22:17 | Create | Villager (Male) |
| 22:18 | Create | Villager (Male) |
| 22:18 | Create | Villager (Male) |
| 22:22 | Build | Farm |
| 22:22 | Build | Farm |
| 22:22 | Build | Farm |
| 22:22 | Build | Farm |
| 22:23 | Build | Farm |
| 22:24 | Build | Farm |
| 22:46 | Create | Villager (Male) |
| 22:46 | Create | Villager (Male) |
| 22:49 | Build | Farm |
| 22:50 | Create | Villager (Male) |
| 22:51 | Build | Farm |
| 23:07 | Build | Outpost |
| 23:08 | Create | Villager (Male) |
| 23:26 | Create | Villager (Male) |
| 23:30 | Build | Lumber Camp |
| 23:41 | Create | Villager (Male) |
| 23:45 | Create | Villager (Male) |
| 23:45 | Create | Villager (Male) |
| 24:02 | Create | Shotel Warrior |
| 24:04 | Build | House |
| 24:12 | Create | Villager (Male) |
| 24:12 | Create | Villager (Male) |
| 24:15 | Build | Farm |
| 24:17 | Build | Farm |
| 24:27 | Build | Town Center |
| 24:35 | Build | House |
| 24:37 | Create | Villager (Male) |
| 24:37 | Create | Villager (Male) |
| 24:41 | Build | House |
| 25:11 | Build | Outpost |
| 25:14 | Build | Outpost |
| 25:41 | Create | Villager (Male) |
| 25:52 | Create | Villager (Male) |
| 25:52 | Create | Villager (Male) |
| 25:52 | Create | Villager (Male) |
| 25:52 | Create | Villager (Male) |
| 25:54 | Create | Villager (Male) |
| 25:57 | Build | Farm |
| 25:58 | Build | Farm |
| 26:24 | Build | Farm |
| 26:25 | Build | Farm |
| 26:25 | Build | Farm |
| 26:26 | Build | Farm |
| 26:27 | Build | Farm |
| 26:42 | Create | Villager (Male) |
Build order — Sessagesimale
First 150 of 539 actions detected
| 0:01 | Create | Villager (Male) ×4 |
| 0:01 | Create | Villager (Male) |
| 0:03 | Build | House |
| 0:05 | Build | House |
| 1:29 | Create | Villager (Male) |
| 1:29 | Create | Villager (Male) |
| 2:00 | Create | Villager (Male) |
| 2:10 | Build | Lumber Camp |
| 2:35 | Create | Villager (Male) |
| 2:55 | Create | Villager (Male) |
| 2:55 | Create | Villager (Male) |
| 3:16 | Create | Villager (Male) |
| 3:16 | Create | Villager (Male) |
| 3:29 | Build | House |
| 3:30 | Build | House |
| 3:51 | Create | Villager (Male) |
| 3:52 | Create | Villager (Male) |
| 4:10 | Create | Villager (Male) |
| 4:37 | Create | Villager (Male) |
| 4:40 | Build | Mill |
| 4:43 | Build | House |
| 4:55 | Create | Villager (Male) |
| 4:55 | Create | Villager (Male) |
| 5:12 | Create | Villager (Male) |
| 5:12 | Create | Villager (Male) |
| 5:22 | Build | Farm |
| 5:35 | Create | Villager (Male) |
| 5:40 | Build | Farm |
| 5:54 | Create | Villager (Male) |
| 6:10 | Create | Villager (Male) |
| 6:11 | Create | Villager (Male) |
| 6:14 | Build | Farm |
| 6:43 | Create | Villager (Male) |
| 7:02 | Create | Villager (Male) |
| 7:48 | Create | Villager (Male) |
| 8:46 | Create | Villager (Male) |
| 8:59 | Create | Villager (Male) |
| 8:59 | Research | Feudal Age |
| 9:17 | Research | Feudal Age |
| 9:20 | Build | Mining Camp |
| 9:49 | Build | Barracks |
| 10:29 | Create | Villager (Male) |
| 10:29 | Create | Villager (Male) |
| 10:38 | Build | House |
| 11:17 | Build | House |
| 11:52 | Age | Feudal Age |
| 11:53 | Build | Stable |
| 11:56 | Build | Market |
| 12:20 | Research | Double-Bit Axe |
| 12:47 | Research | Castle Age |
| 12:47 | Research | Castle Age |
| 12:57 | Research | Horse Collar |
| 13:13 | Build | Farm |
| 13:15 | Build | Farm |
| 13:19 | Build | Farm |
| 13:21 | Build | Farm |
| 13:26 | Build | Farm |
| 13:30 | Build | Farm |
| 13:32 | Create | Scout Cavalry |
| 13:32 | Create | Scout Cavalry |
| 13:40 | Create | Scout Cavalry |
| 13:43 | Build | Farm |
| 13:47 | Build | Farm |
| 14:23 | Create | Villager (Male) |
| 14:52 | Create | Villager (Male) |
| 15:27 | Age | Castle Age |
| 15:30 | Build | Town Center |
| 15:31 | Create | Villager (Male) |
| 15:35 | Research | Bow Saw |
| 15:39 | Build | Monastery |
| 15:40 | Create | Villager (Male) |
| 15:56 | Create | Villager (Male) |
| 15:58 | Create | Villager (Male) |
| 16:10 | Create | Villager (Male) |
| 16:14 | Create | Villager (Male) |
| 16:19 | Create | Villager (Male) |
| 16:26 | Research | Wheelbarrow |
| 16:27 | Create | Monk |
| 16:33 | Create | Villager (Male) |
| 16:38 | Create | Villager (Male) |
| 16:39 | Create | Villager (Male) |
| 16:43 | Build | Town Center |
| 16:48 | Create | Villager (Male) |
| 16:50 | Build | Farm |
| 16:51 | Build | Farm |
| 16:54 | Create | Villager (Male) |
| 16:59 | Create | Villager (Male) |
| 17:02 | Build | Farm |
| 17:05 | Create | Villager (Male) |
| 17:29 | Create | Monk |
| 17:39 | Create | Villager (Male) |
| 17:44 | Create | Villager (Male) |
| 17:44 | Create | Villager (Male) |
| 17:46 | Build | Farm |
| 17:46 | Build | Farm |
| 17:46 | Build | Farm |
| 17:46 | Build | Farm |
| 17:47 | Build | Farm |
| 17:53 | Build | Farm |
| 17:59 | Build | Farm |
| 18:00 | Create | Villager (Male) |
| 18:00 | Create | Villager (Male) |
| 18:08 | Build | House |
| 18:09 | Build | House |
| 18:16 | Create | Villager (Male) |
| 18:26 | Create | Villager (Male) |
| 18:26 | Create | Villager (Male) |
| 18:28 | Build | Farm |
| 18:30 | Build | Farm |
| 18:46 | Build | Farm |
| 18:48 | Create | Villager (Male) |
| 18:50 | Build | Farm |
| 18:50 | Create | Villager (Male) |
| 18:52 | Create | Villager (Male) |
| 18:57 | Create | Villager (Male) |
| 18:58 | Create | Villager (Male) |
| 19:13 | Create | Villager (Male) |
| 19:28 | Create | Villager (Male) |
| 19:29 | Create | Villager (Male) |
| 19:29 | Create | Villager (Male) |
| 19:29 | Create | Villager (Male) |
| 19:38 | Build | House |
| 19:39 | Create | Villager (Male) |
| 19:39 | Create | Villager (Male) |
| 19:40 | Create | Villager (Male) |
| 19:42 | Build | Farm |
| 19:45 | Build | Farm |
| 20:01 | Create | Villager (Male) |
| 20:02 | Create | Villager (Male) |
| 20:05 | Build | Town Center |
| 20:06 | Create | Villager (Male) |
| 20:06 | Create | Villager (Male) |
| 20:11 | Create | Villager (Male) |
| 20:13 | Build | House |
| 20:28 | Create | Villager (Male) |
| 20:30 | Build | House |
| 20:30 | Create | Villager (Male) |
| 20:40 | Create | Villager (Male) |
| 20:41 | Create | Villager (Male) |
| 20:41 | Create | Villager (Male) |
| 20:42 | Create | Villager (Male) |
| 20:45 | Build | Farm |
| 20:46 | Build | Farm |
| 20:47 | Build | Farm |
| 20:51 | Build | Farm |
| 20:51 | Create | Villager (Male) |
| 20:51 | Create | Villager (Male) |
| 21:11 | Research | Hand Cart |
| 21:11 | Research | Hand Cart |
| 21:13 | Create | Villager (Male) |
Build order — Mandrake Data Engineer Analyst
First 150 of 524 actions detected
| 0:01 | Create | Villager (Male) |
| 0:02 | Create | Villager (Male) |
| 0:04 | Build | House |
| 0:06 | Build | House |
| 0:06 | Create | Villager (Male) |
| 0:13 | Create | Villager (Male) |
| 0:14 | Create | Villager (Male) |
| 1:30 | Create | Villager (Male) |
| 1:30 | Create | Villager (Male) |
| 1:44 | Build | Lumber Camp |
| 2:01 | Create | Villager (Male) |
| 2:20 | Create | Villager (Male) |
| 3:16 | Create | Villager (Male) |
| 3:16 | Create | Villager (Male) |
| 3:16 | Create | Villager (Male) |
| 3:19 | Create | Villager (Male) |
| 3:43 | Build | House |
| 3:45 | Build | House |
| 4:08 | Create | Villager (Male) |
| 4:08 | Create | Villager (Male) |
| 4:33 | Create | Villager (Male) |
| 4:37 | Create | Villager (Male) |
| 4:40 | Build | Mill |
| 5:09 | Create | Villager (Male) |
| 5:10 | Create | Villager (Male) |
| 5:23 | Create | Villager (Male) |
| 6:00 | Create | Villager (Male) |
| 6:02 | Create | Villager (Male) |
| 6:02 | Create | Villager (Male) |
| 6:03 | Create | Villager (Male) |
| 6:03 | Create | Villager (Male) |
| 6:28 | Create | Villager (Male) |
| 7:18 | Build | Farm |
| 7:20 | Build | Farm |
| 7:23 | Build | Farm |
| 8:11 | Build | Mining Camp |
| 8:27 | Research | Feudal Age |
| 8:49 | Build | House |
| 9:39 | Create | Villager (Male) |
| 9:39 | Create | Villager (Male) |
| 10:31 | Age | Feudal Age |
| 10:32 | Build | Market |
| 10:35 | Build | Blacksmith |
| 11:25 | Research | Castle Age |
| 11:25 | Research | Castle Age |
| 11:38 | Build | House |
| 11:46 | Research | Double-Bit Axe |
| 11:46 | Research | Double-Bit Axe |
| 12:00 | Research | Horse Collar |
| 12:07 | Build | Farm |
| 12:09 | Build | Farm |
| 12:15 | Build | Farm |
| 13:28 | Create | Villager (Male) |
| 13:51 | Age | Castle Age |
| 13:52 | Build | Town Center |
| 13:57 | Build | Town Center |
| 14:00 | Create | Villager (Male) |
| 14:02 | Research | Bow Saw |
| 14:16 | Build | Farm |
| 14:18 | Build | Farm |
| 14:30 | Create | Villager (Male) |
| 14:39 | Build | Farm |
| 14:47 | Create | Villager (Male) |
| 15:01 | Build | Farm |
| 15:06 | Create | Villager (Male) |
| 15:18 | Create | Villager (Male) |
| 15:18 | Create | Villager (Male) |
| 15:24 | Build | Farm |
| 15:27 | Build | Farm |
| 15:27 | Create | Villager (Male) |
| 15:27 | Create | Villager (Male) |
| 15:28 | Create | Villager (Male) |
| 15:35 | Create | Villager (Male) |
| 15:35 | Create | Villager (Male) |
| 15:45 | Build | Farm |
| 15:50 | Create | Villager (Male) |
| 15:54 | Build | Farm |
| 15:54 | Create | Villager (Male) |
| 16:05 | Build | Farm |
| 16:12 | Create | Villager (Male) |
| 16:12 | Create | Villager (Male) |
| 16:18 | Create | Villager (Male) |
| 16:18 | Create | Villager (Male) |
| 16:20 | Build | Farm |
| 16:28 | Build | Farm |
| 16:31 | Create | Villager (Male) |
| 16:33 | Create | Villager (Male) |
| 16:39 | Build | Farm |
| 16:42 | Create | Villager (Male) |
| 16:42 | Create | Villager (Male) |
| 16:50 | Create | Villager (Male) |
| 16:50 | Create | Villager (Male) |
| 16:52 | Build | Farm |
| 16:54 | Build | Farm |
| 16:59 | Build | House |
| 17:05 | Create | Villager (Male) |
| 17:06 | Build | Farm |
| 17:08 | Create | Villager (Male) |
| 17:08 | Create | Villager (Male) |
| 17:11 | Build | House |
| 17:24 | Build | Farm |
| 17:26 | Build | Farm |
| 17:30 | Build | House |
| 17:35 | Build | House |
| 17:36 | Build | House |
| 17:36 | Create | Villager (Male) |
| 17:36 | Create | Villager (Male) |
| 17:37 | Create | Villager (Male) |
| 17:37 | Create | Villager (Male) |
| 17:46 | Build | Farm |
| 17:46 | Create | Villager (Male) |
| 17:46 | Create | Villager (Male) |
| 17:53 | Build | Farm |
| 18:03 | Create | Villager (Male) |
| 18:04 | Create | Villager (Male) |
| 18:05 | Build | Farm |
| 18:06 | Create | Villager (Male) |
| 18:06 | Create | Villager (Male) |
| 18:09 | Create | Villager (Male) |
| 18:14 | Build | Lumber Camp |
| 18:21 | Build | House |
| 18:24 | Build | House |
| 18:25 | Create | Villager (Male) |
| 18:25 | Create | Villager (Male) |
| 18:30 | Create | Villager (Male) |
| 18:31 | Create | Villager (Male) |
| 18:34 | Build | Farm |
| 18:36 | Build | Farm |
| 18:36 | Create | Villager (Male) |
| 18:36 | Create | Villager (Male) |
| 18:39 | Build | Farm |
| 18:39 | Create | Villager (Male) |
| 18:39 | Create | Villager (Male) |
| 18:42 | Create | Villager (Male) |
| 18:43 | Create | Villager (Male) |
| 18:53 | Build | Farm |
| 19:01 | Create | Villager (Male) |
| 19:04 | Create | Villager (Male) |
| 19:05 | Create | Villager (Male) |
| 19:08 | Build | House |
| 19:09 | Create | Villager (Male) |
| 19:09 | Create | Villager (Male) |
| 19:09 | Create | Villager (Male) |
| 19:10 | Create | Villager (Male) |
| 19:15 | Build | University |
| 19:24 | Build | Farm |
| 19:27 | Create | Villager (Male) |
| 19:27 | Create | Villager (Male) |
| 19:32 | Build | House |
| 19:33 | Create | Villager (Male) |
Build order — MLT | Anna Flank
First 150 of 552 actions detected
| 0:00 | Create | Villager (Male) |
| 0:01 | Create | Villager (Male) |
| 0:01 | Create | Villager (Male) |
| 0:02 | Build | House |
| 0:03 | Build | House |
| 0:17 | Create | Villager (Male) |
| 1:22 | Create | Villager (Male) |
| 1:45 | Build | Lumber Camp |
| 1:50 | Create | Villager (Male) |
| 2:09 | Create | Villager (Male) |
| 2:29 | Create | Villager (Male) |
| 2:29 | Create | Villager (Male) |
| 3:13 | Create | Villager (Male) |
| 3:16 | Create | Villager (Male) |
| 3:17 | Create | Villager (Male) |
| 3:29 | Build | Mill |
| 3:33 | Create | Villager (Male) |
| 3:33 | Create | Villager (Male) |
| 3:47 | Create | Villager (Male) |
| 4:29 | Create | Villager (Male) |
| 4:52 | Create | Villager (Male) |
| 4:52 | Create | Villager (Male) |
| 5:03 | Build | House |
| 5:09 | Create | Villager (Male) |
| 5:26 | Create | Villager (Male) |
| 5:26 | Create | Villager (Male) |
| 6:05 | Create | Villager (Male) |
| 6:05 | Create | Villager (Male) |
| 6:19 | Build | Farm |
| 6:29 | Build | Farm |
| 6:44 | Create | Villager (Male) |
| 7:11 | Build | Farm |
| 7:38 | Build | Mining Camp |
| 7:48 | Research | Feudal Age |
| 8:04 | Create | Villager (Male) |
| 8:04 | Create | Villager (Male) |
| 10:06 | Age | Feudal Age |
| 10:07 | Build | Blacksmith |
| 10:10 | Build | Market |
| 11:01 | Research | Castle Age |
| 11:01 | Research | Castle Age |
| 11:11 | Build | House |
| 11:25 | Research | Double-Bit Axe |
| 11:55 | Research | Horse Collar |
| 11:58 | Build | Farm |
| 12:22 | Build | Farm |
| 12:43 | Create | Villager (Male) |
| 13:31 | Create | Villager (Male) |
| 13:41 | Age | Castle Age |
| 13:42 | Build | Town Center |
| 13:50 | Build | Town Center |
| 13:56 | Research | Bow Saw |
| 14:13 | Create | Villager (Male) |
| 14:18 | Build | Farm |
| 14:39 | Create | Villager (Male) |
| 14:40 | Build | Farm |
| 15:03 | Create | Villager (Male) |
| 15:05 | Build | House |
| 15:22 | Create | Villager (Male) |
| 15:23 | Build | Farm |
| 15:32 | Create | Villager (Male) |
| 15:32 | Create | Villager (Male) |
| 15:35 | Build | Farm |
| 15:38 | Create | Villager (Male) |
| 15:41 | Create | Villager (Male) |
| 15:42 | Create | Villager (Male) |
| 15:51 | Create | Villager (Male) |
| 15:51 | Create | Villager (Male) |
| 15:55 | Build | Mill |
| 16:01 | Create | Villager (Male) |
| 16:02 | Build | Farm |
| 16:08 | Build | Farm |
| 16:19 | Create | Villager (Male) |
| 16:19 | Create | Villager (Male) |
| 16:23 | Build | Farm |
| 16:32 | Build | Farm |
| 16:41 | Build | Farm |
| 16:45 | Create | Villager (Male) |
| 16:47 | Build | Farm |
| 16:50 | Create | Villager (Male) |
| 16:50 | Create | Villager (Male) |
| 16:55 | Create | Villager (Male) |
| 16:58 | Build | Farm |
| 16:59 | Build | Farm |
| 17:13 | Create | Villager (Male) |
| 17:13 | Create | Villager (Male) |
| 17:19 | Create | Villager (Male) |
| 17:28 | Build | Farm |
| 17:29 | Build | Farm |
| 17:34 | Build | Farm |
| 17:35 | Create | Villager (Male) |
| 17:36 | Create | Villager (Male) |
| 17:41 | Build | House |
| 17:46 | Create | Villager (Male) |
| 17:52 | Create | Villager (Male) |
| 17:53 | Create | Villager (Male) |
| 18:00 | Build | Mill |
| 18:02 | Create | Villager (Male) |
| 18:08 | Build | House |
| 18:09 | Build | House |
| 18:09 | Build | House |
| 18:10 | Create | Villager (Male) |
| 18:14 | Build | Mining Camp |
| 18:19 | Create | Villager (Male) |
| 18:20 | Build | Farm |
| 18:20 | Build | Farm |
| 18:20 | Build | Farm |
| 18:21 | Build | Farm |
| 18:21 | Build | Farm |
| 18:25 | Create | Villager (Male) |
| 18:35 | Create | Villager (Male) |
| 18:37 | Build | Farm |
| 18:44 | Build | Farm |
| 18:47 | Create | Villager (Male) |
| 18:49 | Research | Gold Mining |
| 18:51 | Research | Stone Mining |
| 18:53 | Create | Villager (Male) |
| 18:53 | Create | Villager (Male) |
| 18:59 | Create | Villager (Male) |
| 19:11 | Build | Farm |
| 19:12 | Build | Farm |
| 19:15 | Create | Villager (Male) |
| 19:15 | Create | Villager (Male) |
| 19:16 | Create | Villager (Male) |
| 19:19 | Build | Farm |
| 19:21 | Create | Villager (Male) |
| 19:25 | Build | House |
| 19:25 | Build | House |
| 19:26 | Build | House |
| 19:40 | Research | Wheelbarrow |
| 19:40 | Research | Wheelbarrow |
| 19:46 | Create | Villager (Male) |
| 19:57 | Build | Mill |
| 19:58 | Create | Villager (Male) |
| 19:59 | Create | Villager (Male) |
| 19:59 | Create | Villager (Male) |
| 20:07 | Build | Mill |
| 20:11 | Build | Mill |
| 20:15 | Create | Villager (Male) |
| 20:16 | Build | House |
| 20:19 | Build | Farm |
| 20:19 | Build | Farm |
| 20:19 | Build | Farm |
| 20:19 | Build | Farm |
| 20:19 | Build | Farm |
| 20:20 | Build | Farm |
| 20:20 | Build | Farm |
| 20:22 | Create | Villager (Male) |
| 20:34 | Create | Villager (Male) |
| 20:36 | Build | Farm |
Build order — Monesi28
First 150 of 627 actions detected
| 0:02 | Create | Villager (Male) |
| 0:02 | Create | Villager (Male) |
| 0:02 | Create | Villager (Male) |
| 0:02 | Create | Villager (Male) |
| 0:02 | Create | Villager (Male) |
| 0:04 | Build | House |
| 0:06 | Build | House |
| 1:27 | Create | Villager (Male) |
| 1:27 | Create | Villager (Male) |
| 1:27 | Create | Villager (Male) |
| 1:47 | Build | Mule Cart |
| 1:55 | Create | Villager (Male) |
| 1:55 | Create | Villager (Male) |
| 1:55 | Create | Villager (Male) |
| 2:19 | Create | Villager (Male) |
| 2:19 | Create | Villager (Male) |
| 2:49 | Create | Villager (Male) |
| 2:50 | Create | Villager (Male) |
| 2:50 | Create | Villager (Male) |
| 3:34 | Create | Villager (Male) |
| 3:34 | Create | Villager (Male) |
| 3:34 | Create | Villager (Male) |
| 3:39 | Build | House |
| 3:40 | Build | House |
| 3:50 | Create | Villager (Male) |
| 3:51 | Create | Villager (Male) |
| 4:06 | Create | Villager (Male) |
| 4:06 | Create | Villager (Male) |
| 4:29 | Create | Villager (Male) |
| 4:29 | Create | Villager (Male) |
| 4:46 | Create | Villager (Male) |
| 4:46 | Create | Villager (Male) |
| 4:49 | Build | Mill |
| 5:19 | Create | Villager (Male) |
| 5:19 | Create | Villager (Male) |
| 5:19 | Create | Villager (Male) |
| 5:40 | Create | Villager (Male) |
| 5:40 | Create | Villager (Male) |
| 5:41 | Create | Villager (Male) |
| 5:41 | Create | Villager (Male) |
| 6:34 | Build | Mule Cart |
| 6:50 | Build | Farm |
| 6:51 | Build | Farm |
| 7:29 | Create | Villager (Male) |
| 7:42 | Build | House |
| 7:46 | Build | House |
| 7:52 | Build | Mule Cart |
| 7:54 | Create | Villager (Male) |
| 8:22 | Create | Villager (Male) |
| 8:37 | Build | Farm |
| 8:54 | Create | Villager (Male) |
| 9:24 | Create | Villager (Male) |
| 9:27 | Build | Farm |
| 9:30 | Research | Feudal Age |
| 10:27 | Create | Villager (Male) |
| 10:27 | Create | Villager (Male) |
| 11:59 | Age | Feudal Age |
| 12:00 | Build | Market |
| 12:03 | Build | Blacksmith |
| 12:31 | Build | Mule Cart |
| 12:50 | Research | Castle Age |
| 13:05 | Build | House |
| 13:06 | Build | House |
| 13:10 | Research | Double-Bit Axe |
| 13:14 | Build | Farm |
| 13:18 | Build | Farm |
| 13:25 | Build | Farm |
| 13:29 | Research | Horse Collar |
| 14:00 | Create | Villager (Male) |
| 14:00 | Create | Villager (Male) |
| 15:30 | Age | Castle Age |
| 15:37 | Build | Town Center |
| 15:45 | Create | Villager (Male) |
| 15:48 | Build | Town Center |
| 15:55 | Build | Town Center |
| 15:58 | Create | Villager (Male) |
| 16:03 | Create | Villager (Male) |
| 16:07 | Build | Farm |
| 16:09 | Build | Farm |
| 16:28 | Build | Farm |
| 16:36 | Create | Villager (Male) |
| 16:59 | Research | Bow Saw |
| 17:08 | Create | Villager (Male) |
| 17:12 | Build | Farm |
| 17:14 | Build | Farm |
| 17:16 | Build | Farm |
| 17:21 | Create | Villager (Male) |
| 17:26 | Create | Villager (Male) |
| 17:33 | Create | Villager (Male) |
| 17:34 | Create | Villager (Male) |
| 17:34 | Create | Villager (Male) |
| 17:34 | Create | Villager (Male) |
| 17:37 | Build | Farm |
| 17:41 | Build | Farm |
| 17:52 | Create | Villager (Male) |
| 17:52 | Create | Villager (Male) |
| 17:57 | Build | Farm |
| 17:57 | Create | Villager (Male) |
| 17:58 | Create | Villager (Male) |
| 17:58 | Create | Villager (Male) |
| 18:00 | Build | Farm |
| 18:04 | Build | Farm |
| 18:09 | Build | Farm |
| 18:11 | Build | House |
| 18:12 | Build | House |
| 18:20 | Create | Villager (Male) |
| 18:20 | Create | Villager (Male) |
| 18:22 | Build | Farm |
| 18:23 | Build | Farm |
| 18:44 | Create | Villager (Male) |
| 18:44 | Create | Villager (Male) |
| 18:49 | Build | Farm |
| 18:50 | Build | Farm |
| 18:51 | Create | Villager (Male) |
| 18:51 | Research | Loom |
| 18:53 | Create | Villager (Male) |
| 18:57 | Build | Farm |
| 18:58 | Build | Farm |
| 19:00 | Build | Farm |
| 19:01 | Build | Farm |
| 19:02 | Build | Farm |
| 19:04 | Create | Villager (Male) |
| 19:04 | Create | Villager (Male) |
| 19:08 | Build | Farm |
| 19:13 | Build | House |
| 19:13 | Build | House |
| 19:19 | Build | Farm |
| 19:21 | Create | Villager (Male) |
| 19:21 | Create | Villager (Male) |
| 19:21 | Create | Villager (Male) |
| 19:26 | Create | Villager (Male) |
| 19:26 | Create | Villager (Male) |
| 19:26 | Create | Villager (Male) |
| 19:29 | Create | Villager (Male) |
| 19:29 | Create | Villager (Male) |
| 19:30 | Create | Villager (Male) |
| 19:33 | Build | Farm |
| 19:35 | Create | Villager (Male) |
| 19:35 | Create | Villager (Male) |
| 19:35 | Create | Villager (Male) |
| 19:39 | Build | Farm |
| 19:42 | Create | Villager (Male) |
| 19:43 | Create | Villager (Male) |
| 19:43 | Create | Villager (Male) |
| 19:48 | Build | Farm |
| 19:50 | Build | Farm |
| 19:53 | Build | Farm |
| 19:54 | Create | Villager (Male) |
| 19:54 | Create | Villager (Male) |
| 19:56 | Build | Farm |
Match timeline
| 8:08 | MrDJM · age_up feudal |
| 9:49 | Sessagesimale · first_building Barracks |
| 10:06 | MLT | Anna Flank · age_up feudal |
| 10:31 | Mandrake Data Engineer Analyst · age_up feudal |
| 10:56 | MLT | El Campeador di Melito · age_up feudal |
| 10:56 | MiMitraglietta · age_up feudal |
| 11:46 | JB · age_up feudal |
| 11:52 | Sessagesimale · age_up feudal |
| 11:53 | Sessagesimale · first_building Stable |
| 11:59 | Monesi28 · age_up feudal |
| 12:43 | JB · first_market_sell 100 wood |
| 13:41 | MLT | Anna Flank · age_up castle |
| 13:51 | Mandrake Data Engineer Analyst · age_up castle |
| 13:55 | MLT | Anna Flank · first_market_buy 100 wood |
| 14:28 | MiMitraglietta · age_up castle |
| 14:30 | MLT | El Campeador di Melito · age_up castle |
| 14:34 | MiMitraglietta · first_building Castle |
| 14:40 | MLT | El Campeador di Melito · first_market_buy 100 wood |
| 14:41 | MiMitraglietta · first_building Siege Workshop |
| 14:47 | MrDJM · age_up castle |
| 15:23 | JB · age_up castle |
| 15:27 | Sessagesimale · age_up castle |
| 15:30 | Monesi28 · age_up castle |
| 15:39 | Sessagesimale · first_building Monastery |
| 15:47 | MiMitraglietta · first_market_buy 100 wood |
| 16:32 | MiMitraglietta · first_market_sell 100 food |
| 19:29 | Monesi28 · first_market_buy 100 food |
| 19:49 | Mandrake Data Engineer Analyst · first_building Siege Workshop |
| 19:54 | MLT | El Campeador di Melito · wall_segment Stone Wall x7 |
| 20:00 | MLT | El Campeador di Melito · wall_segment Stone Wall x5 |
| 20:01 | Sessagesimale · first_market_buy 100 stone |
| 20:14 | MLT | El Campeador di Melito · wall_segment Stone Wall x1 |
| 20:25 | JB · first_building Siege Workshop |
| 20:27 | Mandrake Data Engineer Analyst · first_building Barracks |
| 20:29 | MrDJM · first_building Siege Workshop |
| 21:22 | Mandrake Data Engineer Analyst · first_building Archery Range |
| 21:34 | MrDJM · first_building Barracks |
| 21:40 | MLT | Anna Flank · first_building Castle |
| 21:52 | MLT | Anna Flank · first_building Barracks |
| 22:03 | JB · first_market_buy 100 wood |
| 22:12 | Mandrake Data Engineer Analyst · first_market_buy 100 food |
| 22:35 | MrDJM · first_building Archery Range |
| 23:01 | MLT | Anna Flank · first_building Stable |
| 23:04 | JB · first_building Barracks |
| 23:06 | Mandrake Data Engineer Analyst · first_market_sell 100 wood |
| 23:15 | MrDJM · age_up imperial |
| 23:38 | MrDJM · first_market_sell 100 wood |
| 24:08 | JB · first_building Archery Range |
| 24:14 | JB · first_building Castle |
| 24:51 | Monesi28 · first_building Monastery |
| 25:01 | Mandrake Data Engineer Analyst · first_building Stable |
| 25:32 | Mandrake Data Engineer Analyst · wall_segment Stone Wall x17 |
| 25:37 | Mandrake Data Engineer Analyst · wall_segment Stone Wall x17 |
| 25:42 | Sessagesimale · wall_segment Palisade Wall x1 |
| 25:51 | Mandrake Data Engineer Analyst · age_up imperial |
| 26:19 | Monesi28 · first_building Barracks |
| 26:31 | JB · wall_segment Stone Wall x1 |
| 26:32 | JB · wall_segment Stone Wall x1 |
| 26:34 | JB · wall_segment Stone Wall x1 |
| 26:43 | Monesi28 · first_market_sell 100 food |
| 27:08 | JB · age_up imperial |
| 27:31 | Monesi28 · first_building Siege Workshop |
| 27:38 | JB · wall_segment Stone Wall x1 |
| 27:40 | JB · wall_segment Stone Wall x1 |
| 28:20 | Sessagesimale · age_up imperial |
| 28:24 | Monesi28 · age_up imperial |
| 28:48 | Monesi28 · first_building Castle |
| 29:05 | Sessagesimale · first_building Castle |
| 29:38 | MrDJM · first_market_buy 100 food |
| 30:08 | MLT | Anna Flank · first_market_sell 100 wood |
| 30:26 | MLT | Anna Flank · first_building Siege Workshop |
| 30:52 | MiMitraglietta · tribute_sent a jugador 1 |
| 30:52 | MiMitraglietta · tribute_sent a jugador 2 |
| 30:52 | MiMitraglietta · tribute_sent a jugador 3 |
| 30:52 | MiMitraglietta · tribute_sent a jugador 5 |
| 30:52 | MiMitraglietta · tribute_sent a jugador 6 |
| 30:52 | MiMitraglietta · tribute_sent a jugador 7 |
| 30:52 | MiMitraglietta · tribute_sent a jugador 8 |
| 31:13 | MLT | Anna Flank · first_building Archery Range |
| 31:30 | MLT | El Campeador di Melito · wall_segment Stone Wall x1 |
| 32:06 | MLT | El Campeador di Melito · wall_segment Stone Wall x1 |
| 32:08 | JB · wall_segment Stone Wall x1 |
| 32:30 | MLT | El Campeador di Melito · wall_segment Stone Wall x1 |
| 32:34 | Mandrake Data Engineer Analyst · wall_segment Stone Wall x7 |
| 32:49 | MLT | El Campeador di Melito · wall_segment Stone Wall x1 |
| 33:07 | Sessagesimale · tribute_sent a jugador 1 |
| 33:07 | Sessagesimale · tribute_sent a jugador 2 |
| 33:07 | Sessagesimale · tribute_sent a jugador 3 |
| 33:07 | Sessagesimale · tribute_sent a jugador 4 |
| 33:07 | Sessagesimale · tribute_sent a jugador 6 |
| 33:07 | Sessagesimale · tribute_sent a jugador 7 |
| 33:07 | Sessagesimale · tribute_sent a jugador 8 |
| 33:19 | MLT | Anna Flank · age_up imperial |
| 34:01 | MrDJM · first_building Castle |
| 34:24 | MiMitraglietta · first_building Barracks |
| 34:33 | Mandrake Data Engineer Analyst · first_building Monastery |
| 34:58 | Mandrake Data Engineer Analyst · wall_segment Stone Wall x4 |
| 35:27 | MiMitraglietta · age_up imperial |
| 35:33 | MiMitraglietta · first_building Archery Range |
| 37:31 | JB · resign |
| 38:30 | Sessagesimale · first_market_sell 500 wood |
| 39:10 | MLT | Anna Flank · tribute_sent a jugador 1 |
| 39:10 | MLT | Anna Flank · tribute_sent a jugador 2 |
| 39:10 | MLT | Anna Flank · tribute_sent a jugador 3 |
| 39:10 | MLT | Anna Flank · tribute_sent a jugador 4 |
| 39:10 | MLT | Anna Flank · tribute_sent a jugador 5 |
| 39:10 | MLT | Anna Flank · tribute_sent a jugador 6 |
| 39:10 | MLT | Anna Flank · tribute_sent a jugador 8 |
| 39:16 | MiMitraglietta · wall_segment Stone Wall x1 |
[ AI ANALYSIS · 1 CREDIT ]
What really happened in this match?
Wolo.gg analyzes every decision: build order, eco, micro, common mistakes by bracket. Personalized analysis on WhatsApp or Discord in 30 seconds.
Civ guide
Malay
Map guide
Arena
Perfil
Jugador #256209